[Event "Grandmaster Triathlon (GM1)"]
[Site "Biel, CH"]
[Date "2025.07.19"]
[Round "10"]
[White "Fedoseev, Vladimir"]
[Black "Svane, Frederik"]
[Result "1/2-1/2"]
[Board "1"]
[TimeControl "40/7200:1800+30"]
[WhiteFideId "24130737"]
[BlackFideId "12923044"]
[WhiteTitle "GM"]
[BlackTitle "GM"]
[WhiteElo "2739"]
[BlackElo "2659"]
[WhiteTeam "SLO"]
[BlackTeam "GER"]
[WhiteClock "0:10:04"]
[BlackClock "0:03:57"]
[Variant "Standard"]

1. d4 Nf6 2. Bg5 d5 3. e3 c5 4. Bxf6 gxf6 5. Bb5+ Nc6 6. dxc5 e6 7. b4 f5 8. Nd2 a6 9. Bxc6+ bxc6 10. Ne2 Bg7 11. Nd4 f4 12. O-O Bd7 13. c3 e5 14. Ne2 fxe3 15. fxe3 O-O 16. Kh1 Kh8 17. c4 Bg4 18. h3 Qh4 19. cxd5 cxd5 20. Nf3 Qh6 21. Rc1 Be6 22. Qd2 Rfc8 23. Nc3 Rab8 24. a3 Rg8 25. c6 e4 26. Ng1 Be5 27. c7 Bxc7 28. Qd4+ Qg7 29. Qxg7+ Kxg7 30. Nxd5 Bd6 31. Nf6 Rgc8 32. Nxe4 Be7 33. Nf3 a5 34. bxa5 Bd5 35. Ng3 Rxc1 36. Rxc1 Bxa3 37. Ra1 Bb2 38. Rd1 Rb5 39. a6 Ra5 40. e4 Be6 41. Rd6 Ba3 42. Rb6 Bc5 43. Rc6 Be3 44. Ne2 Ra4 45. Nc3 Ra1+ 46. Kh2 Bd7 47. Rc4 Rxa6 48. Nd5 Ba7 49. Nd4 Bb8+ 50. Kg1 Ba7 51. Kf2 Ra2+ 52. Kf3 Ra3+ 53. Kf4 Bb8+ 54. e5 Ra5 55. Ke4 Be6 56. Nxe6+ fxe6 57. Ne3 Rxe5+ 58. Kf3 Rb5 59. Rc6 Kf7 60. Rc3 Be5 61. Ra3 Bd4 62. Nc4 Rb1 63. Ke4 Bf6 64. Ra7+ Kg6 65. Ra6 Re1+ 66. Kf3 Rf1+ 67. Ke2 Rf4 68. Nd2 Kf7 69. Ke3 Rf5 70. Ne4 Bg5+ 71. Ke2 Re5 72. Kf3 h5 73. g3 Rf5+ 74. Kg2 Re5 75. Ra4 Be7 76. h4 Kg6 77. Kf3 Rf5+ 78. Ke3 Bc5+ 79. Ke2 Re5 80. Kf3 Rf5+ 81. Kg2 Re5 82. Ng5 Be7 83. Nh3 Rf5 84. Nf4+ Kf7 85. Ra7 Rb5 86. Ra6 Re5 87. Kf3 Bf6 88. Ra2 Rb5 89. Re2 Rf5 90. Ke4 Re5+ 91. Kd3 Rxe2 92. Kxe2 e5 93. Nxh5 Be7 94. Kf3 Kg6 95. Kg4 Bd6 96. Nf4+ exf4 97. gxf4 Bxf4 98. Kxf4 Kh5 99. Kg3 Kh6 100. Kg4 1/2-1/2

[Event "Grandmaster Triathlon (GM1)"]
[Site "Biel, CH"]
[Date "2025.07.19"]
[Round "10"]
[White "Aravindh, Chithambaram VR."]
[Black "Salem, A.R. Saleh"]
[Result "0-1"]
[Board "2"]
[TimeControl "40/7200:1800+30"]
[WhiteFideId "5072786"]
[BlackFideId "9301348"]
[WhiteTitle "GM"]
[BlackTitle "GM"]
[WhiteElo "2724"]
[BlackElo "2627"]
[WhiteTeam "IND"]
[BlackTeam "UAE"]
[WhiteClock "0:18:35"]
[BlackClock "0:07:42"]
[Variant "Standard"]

1. d4 Nf6 2. c4 g6 3. f3 c5 4. d5 d6 5. e4 Bg7 6. Ne2 e6 7. Nbc3 exd5 8. cxd5 Nbd7 9. Ng3 h5 10. Be2 Nh7 11. a4 O-O 12. Ra3 Qe7 13. Nf1 f5 14. exf5 gxf5 15. Ne3 Ne5 16. O-O Bd7 17. g3 Rae8 18. Ng2 Ng6 19. Bb5 Bxb5 20. axb5 Bd4+ 21. Kh1 h4 22. gxh4 Nxh4 23. Nf4 Ng5 24. Nce2 Kf7 25. Nxd4 cxd4 26. Ne6 Nxe6 27. dxe6+ Qxe6 28. Qxd4 Qe2 29. Rg1 Ng6 30. Qd5+ Qe6 31. Qxe6+ Rxe6 32. Bg5 Re2 33. Rxa7 Rb8 34. Raa1 Rxb2 35. Rad1 Ne5 36. Bf4 Nxf3 37. Rg2 Rxb5 38. Rf2 Rb3 39. Kg2 Rg8+ 40. Kh1 Ne5 41. Bxe5 dxe5 42. Rxf5+ Ke6 43. Rff1 b5 44. Rb1 Rxb1 45. Rxb1 Rb8 46. Kg2 b4 47. Kf3 Kd5 48. h4 b3 49. Rd1+ Kc4 50. Ke4 b2 51. Rb1 Kb3 52. Kxe5 Rf8 0-1

[Event "Grandmaster Triathlon (GM1)"]
[Site "Biel, CH"]
[Date "2025.07.19"]
[Round "10"]
[White "Murzin, Volodar"]
[Black "Wojtaszek, Radoslaw"]
[Result "1/2-1/2"]
[Board "3"]
[TimeControl "40/7200:1800+30"]
[WhiteFideId "44155573"]
[BlackFideId "1118358"]
[WhiteTitle "GM"]
[BlackTitle "GM"]
[WhiteElo "2671"]
[BlackElo "2651"]
[WhiteTeam "FID"]
[BlackTeam "POL"]
[WhiteClock "0:05:13"]
[BlackClock "0:25:57"]
[Variant "Standard"]

1. Nf3 d5 2. g3 c5 3. Bg2 Nf6 4. O-O g6 5. c4 Bg7 6. cxd5 Nxd5 7. d4 cxd4 8. Nxd4 O-O 9. Nc3 Nb6 10. Ndb5 Nc6 11. Bf4 Bf5 12. Qc1 Nc4 13. Nc7 Rc8 14. Rd1 Nd4 15. N7d5 e5 16. Bg5 f6 17. Be3 Nxe3 18. Qxe3 Nc2 19. Qxa7 Nxa1 20. Rxa1 Rb8 21. Rd1 Kh8 22. Ne3 Bd7 23. Bc6 bxc6 24. Rxd7 Ra8 25. Qb7 Rb8 26. Qa7 Ra8 27. Qb7 Rb8 28. Qa7 Ra8 29. Qb7 Rb8 1/2-1/2

[Event "Grandmaster Triathlon (GM1)"]
[Site "Biel, CH"]
[Date "2025.07.20"]
[Round "11"]
[White "Fedoseev, Vladimir"]
[Black "Aravindh, Chithambaram VR."]
[Result "0-1"]
[Board "1"]
[TimeControl "180+2"]
[WhiteFideId "24130737"]
[BlackFideId "5072786"]
[WhiteTitle "GM"]
[BlackTitle "GM"]
[WhiteElo "2746"]
[BlackElo "2611"]
[WhiteTeam "SLO"]
[BlackTeam "IND"]
[WhiteClock "0:00:12"]
[BlackClock "0:00:08"]
[Variant "Standard"]

1. d4 d5 2. Nf3 Nf6 3. c3 Bf5 4. Qb3 Qc8 5. c4 e6 6. Nc3 c6 7. Bg5 Nbd7 8. e3 Bd6 9. Rc1 h6 10. Bh4 O-O 11. Be2 a6 12. O-O dxc4 13. Bxc4 b5 14. Be2 c5 15. dxc5 Nxc5 16. Qd1 Qb8 17. Bxf6 gxf6 18. Qd4 Kg7 19. b4 Na4 20. Nxa4 bxa4 21. Rc4 Rd8 22. Qc3 Bg6 23. g3 a5 24. bxa5 a3 25. Nh4 Qb2 26. Nxg6 Qxe2 27. Nf4 Qxa2 28. Nh5+ Kf8 29. Rg4 Qb2 30. Qd3 a2 31. Ra4 Be5 32. Qc4 Rd2 33. Qc5+ Kg8 34. a6 Qc2 35. Rg4+ Kh8 36. Qe7 Rd1 37. Qb7 Rxf1+ 38. Kxf1 a1=Q+ 39. Kg2 Qxa6 40. Qxf7 Qac6+ 41. Kh3 Qh7 42. Rg7 Qf5+ 43. Kh4 Qce4+ 44. f4 Qg5+ 45. Rxg5 fxg5+ 46. Kh3 Bc3 47. Qc7 Qf5+ 48. g4 Qd3 49. fxg5 Qf1+ 50. Kh4 Be1+ 51. Ng3 Bxg3+ 52. Qxg3 hxg5+ 53. Kxg5 Qf7 54. Qd6 Rg8+ 55. Kh4 Qf2+ 56. Kh5 Qf6 57. Qf4 Qxf4 58. exf4 Kg7 59. g5 Rh8+ 0-1

[Event "Grandmaster Triathlon (GM1)"]
[Site "Biel, CH"]
[Date "2025.07.20"]
[Round "11"]
[White "Wojtaszek, Radoslaw"]
[Black "Svane, Frederik"]
[Result "1-0"]
[Board "2"]
[TimeControl "180+2"]
[WhiteFideId "1118358"]
[BlackFideId "12923044"]
[WhiteTitle "GM"]
[BlackTitle "GM"]
[WhiteElo "2610"]
[BlackElo "2553"]
[WhiteTeam "POL"]
[BlackTeam "GER"]
[WhiteClock "0:00:18"]
[BlackClock "0:00:05"]
[Variant "Standard"]

1. Nf3 d5 2. g3 Bg4 3. Bg2 Nd7 4. h3 Bxf3 5. Bxf3 e6 6. d4 c6 7. Nd2 f5 8. c4 Ngf6 9. Qb3 Rb8 10. Bg2 Bd6 11. Nf3 Ne4 12. O-O g5 13. Nd2 Qf6 14. Qe3 h6 15. cxd5 cxd5 16. Nxe4 dxe4 17. f3 Bxg3 18. fxe4 f4 19. Qd3 O-O 20. e5 Qg7 21. e3 Rbd8 22. Qe4 fxe3 23. Bxe3 Nb6 24. Qg4 Bf4 25. Qxe6+ Kh8 26. Bf2 Rfe8 27. Qg4 Nc4 28. Kh1 Nxb2 29. Rab1 Nd3 30. Rxb7 Nxf2+ 31. Rxf2 Re7 32. Rfb2 Rde8 33. Rxe7 Qxe7 34. Qh5 Qe6 35. Re2 Rc8 36. Re1 Rc2 37. d5 Qb6 38. Qe8+ Kg7 39. Qe7+ 1-0

[Event "Grandmaster Triathlon (GM1)"]
[Site "Biel, CH"]
[Date "2025.07.20"]
[Round "11"]
[White "Salem, A.R. Saleh"]
[Black "Murzin, Volodar"]
[Result "0-1"]
[Board "3"]
[TimeControl "180+2"]
[WhiteFideId "9301348"]
[BlackFideId "44155573"]
[WhiteTitle "GM"]
[BlackTitle "GM"]
[WhiteElo "2644"]
[BlackElo "2669"]
[WhiteTeam "UAE"]
[BlackTeam "FID"]
[WhiteClock "0:00:05"]
[BlackClock "0:00:35"]
[Variant "Standard"]

1. d4 d5 2. c4 c6 3. Nf3 Nf6 4. Nc3 dxc4 5. a4 Bf5 6. Ne5 Nbd7 7. Nxc4 Nb6 8. Ne5 a5 9. h4 e6 10. f3 h6 11. e4 Bh7 12. Be3 Nfd7 13. Nd3 Bd6 14. Rh3 Qe7 15. Qb3 O-O 16. g4 Rac8 17. g5 h5 18. Rd1 Bb4 19. Nxb4 Qxb4 20. Qa2 c5 21. Rh2 cxd4 22. Rxd4 Qe7 23. Rhd2 Ne5 24. Be2 Nc6 25. Rd6 Nb4 26. Qa3 N6d5 27. Nxd5 Qxd6 28. Nf6+ gxf6 29. Rxd6 Nc2+ 30. Kf2 Nxa3 31. bxa3 f5 32. e5 f4 33. Bxf4 Rc2 34. Bd2 Ra8 35. f4 Bg6 36. Rd7 Ra2 37. Bb5 Rc8 38. Ke1 Rcc2 39. Be2 Ra1+ 40. Kf2 Rxa3 41. Rd4 Rh3 42. Kg2 Rd3 43. Bxd3 Rxd2+ 44. Kg1 Rxd3 45. Rc4 Rb3 46. Kf2 Rb4 47. Rc8+ Kg7 48. Ke2 0-1

[Event "Grandmaster Triathlon (GM1)"]
[Site "Biel, CH"]
[Date "2025.07.20"]
[Round "12"]
[White "Svane, Frederik"]
[Black "Aravindh, Chithambaram VR."]
[Result "1/2-1/2"]
[Board "1"]
[TimeControl "180+2"]
[WhiteFideId "12923044"]
[BlackFideId "5072786"]
[WhiteTitle "GM"]
[BlackTitle "GM"]
[WhiteElo "2553"]
[BlackElo "2611"]
[WhiteTeam "GER"]
[BlackTeam "IND"]
[WhiteClock "0:00:07"]
[BlackClock "0:00:07"]
[Variant "Standard"]

1. e4 c5 2. Nf3 e6 3. d4 cxd4 4. Nxd4 a6 5. a3 Qc7 6. c4 Nf6 7. Nc3 b6 8. Bd3 Bb7 9. Be3 d6 10. O-O Nbd7 11. Rc1 Be7 12. b4 O-O 13. f4 Rfe8 14. Qf3 Bf8 15. g4 g6 16. Qh3 Bg7 17. g5 Nh5 18. f5 exf5 19. exf5 d5 20. Nxd5 Bxd5 21. cxd5 Qe5 22. Rce1 Qxd5 23. f6 Bf8 24. Qf3 Qd6 25. Qc6 Ne5 26. Qxd6 Bxd6 27. Be2 Bf8 28. Kf2 h6 29. h4 a5 30. bxa5 Rxa5 31. a4 Rxa4 32. Rb1 Bc5 33. Rfd1 Ra3 34. Rb3 Rxb3 35. Nxb3 Ng4+ 36. Bxg4 Bxe3+ 37. Kf3 Bc5 38. Nxc5 bxc5 39. Rd5 c4 40. Rc5 Rd8 41. Rxc4 hxg5 42. hxg5 Rd5 43. Rc8+ Kh7 44. Bxh5 gxh5 45. Kf4 Ra5 46. Rf8 Ra4+ 47. Ke5 Ra5+ 48. Kf4 Ra4+ 49. Kf3 Kg6 50. Rg8+ Kf5 51. Rg7 Rf4+ 52. Kg3 Rg4+ 53. Kh3 Rxg5 54. Rxf7 Kg6 55. Rg7+ Kxf6 56. Rxg5 Kxg5 1/2-1/2

[Event "Grandmaster Triathlon (GM1)"]
[Site "Biel, CH"]
[Date "2025.07.20"]
[Round "12"]
[White "Murzin, Volodar"]
[Black "Fedoseev, Vladimir"]
[Result "0-1"]
[Board "2"]
[TimeControl "180+2"]
[WhiteFideId "44155573"]
[BlackFideId "24130737"]
[WhiteTitle "GM"]
[BlackTitle "GM"]
[WhiteElo "2669"]
[BlackElo "2746"]
[WhiteTeam "FID"]
[BlackTeam "SLO"]
[WhiteClock "0:00:03"]
[BlackClock "0:00:06"]
[Variant "Standard"]

1. e4 c5 2. Nf3 e6 3. Be2 Nc6 4. Nc3 Nf6 5. O-O Qb6 6. d3 Be7 7. Rb1 O-O 8. Bg5 h6 9. Bh4 d6 10. Re1 a6 11. Bf1 Qc7 12. Ne2 b5 13. c3 Bb7 14. Qd2 Rfd8 15. Ng3 Ne5 16. Bxf6 Nxf3+ 17. gxf3 Bxf6 18. f4 Qe7 19. Bg2 Bh4 20. d4 cxd4 21. cxd4 Rac8 22. Rbc1 Qd7 23. Rxc8 Rxc8 24. Rc1 Rc4 25. b3 Rc6 26. Nf1 Bd8 27. Rxc6 Bxc6 28. Ne3 Bb6 29. d5 Bb7 30. Bh3 Qe7 31. dxe6 fxe6 32. Qd3 Bc5 33. Kf1 Kf8 34. Bg2 Qh4 35. f5 Qxh2 36. fxe6 Qe5 37. Nd5 Qa1+ 38. Ke2 Qxa2+ 39. Kd1 Qxf2 40. Bh3 Qd4 41. Qxd4 Bxd4 42. Bf5 Bf6 43. Bg6 a5 44. Kc2 a4 45. b4 Bc6 46. Nc7 Ke7 0-1

[Event "Grandmaster Triathlon (GM1)"]
[Site "Biel, CH"]
[Date "2025.07.20"]
[Round "12"]
[White "Wojtaszek, Radoslaw"]
[Black "Salem, A.R. Saleh"]
[Result "0-1"]
[Board "3"]
[TimeControl "180+2"]
[WhiteFideId "1118358"]
[BlackFideId "9301348"]
[WhiteTitle "GM"]
[BlackTitle "GM"]
[WhiteElo "2610"]
[BlackElo "2644"]
[WhiteTeam "POL"]
[BlackTeam "UAE"]
[WhiteClock "0:00:13"]
[BlackClock "0:00:08"]
[Variant "Standard"]

1. Nf3 c5 2. g3 g6 3. c3 Bg7 4. d4 cxd4 5. cxd4 d5 6. Nc3 Nf6 7. Ne5 O-O 8. Bg2 Nc6 9. O-O Bf5 10. Bf4 Rc8 11. Rc1 Qb6 12. Qd2 Rfd8 13. Rfd1 Qa6 14. h3 h5 15. Bg5 Be6 16. Qe3 Kh7 17. Nd3 Bf5 18. Nc5 Qb6 19. Bxf6 exf6 20. b3 Bh6 21. f4 Nxd4 22. N5a4 Nxe2+ 23. Kf2 Qxe3+ 24. Kxe3 Nxc1 25. Kd4 0-1

[Event "Grandmaster Triathlon (GM1)"]
[Site "Biel, CH"]
[Date "2025.07.20"]
[Round "13"]
[White "Aravindh, Chithambaram VR."]
[Black "Murzin, Volodar"]
[Result "1/2-1/2"]
[Board "1"]
[TimeControl "180+2"]
[WhiteFideId "5072786"]
[BlackFideId "44155573"]
[WhiteTitle "GM"]
[BlackTitle "GM"]
[WhiteElo "2611"]
[BlackElo "2669"]
[WhiteTeam "IND"]
[BlackTeam "FID"]
[WhiteClock "0:00:06"]
[BlackClock "0:00:08"]
[Variant "Standard"]

1. d4 d5 2. c4 c6 3. Nf3 Nf6 4. Nc3 dxc4 5. a4 Bf5 6. Ne5 Nbd7 7. Nxc4 Nb6 8. Ne5 a5 9. e3 e6 10. g4 Bg6 11. h4 Bd6 12. h5 Be4 13. f3 Bxe5 14. dxe5 Qxd1+ 15. Nxd1 Bxf3 16. exf6 Bxh1 17. fxg7 Rg8 18. h6 Be4 19. Nc3 Bg6 20. e4 f6 21. g5 f5 22. Be3 Nd7 23. Rd1 Ke7 24. exf5 Bxf5 25. Bg2 Ne5 26. Ne4 Ng4 27. Bd4 Kf7 28. Nf6 Rgd8 29. Bf3 Nxf6 30. Bxf6 Rxd1+ 31. Kxd1 Rc8 32. Kd2 b5 33. b3 b4 34. Bh5+ Bg6 35. Be2 Be4 36. Bh5+ Bg6 37. Be2 Rc7 38. Bc4 Rd7+ 39. Ke3 Rd5 40. Kf4 Kg8 41. Ke3 Bc2 42. Bxd5 cxd5 43. Bd8 Bxb3 44. Bxa5 Bxa4 45. Bxb4 Bc2 46. Bc3 Bg6 47. Bf6 Bf5 1/2-1/2

[Event "Grandmaster Triathlon (GM1)"]
[Site "Biel, CH"]
[Date "2025.07.20"]
[Round "13"]
[White "Salem, A.R. Saleh"]
[Black "Svane, Frederik"]
[Result "0-1"]
[Board "2"]
[TimeControl "180+2"]
[WhiteFideId "9301348"]
[BlackFideId "12923044"]
[WhiteTitle "GM"]
[BlackTitle "GM"]
[WhiteElo "2644"]
[BlackElo "2553"]
[WhiteTeam "UAE"]
[BlackTeam "GER"]
[WhiteClock "0:00:01"]
[BlackClock "0:00:11"]
[Variant "Standard"]

1. d4 Nf6 2. c4 e6 3. Nc3 Bb4 4. a3 Bxc3+ 5. bxc3 O-O 6. f3 d5 7. cxd5 exd5 8. e3 c5 9. Ne2 Re8 10. Ng3 Qa5 11. Bd2 Qc7 12. Bd3 b6 13. O-O Ba6 14. Bxa6 Nxa6 15. Ra2 Qc6 16. Bc1 Nc7 17. a4 Re6 18. Raf2 Rf8 19. Nf5 Nce8 20. c4 Nd6 21. cxd5 Nxd5 22. Nxd6 Qxd6 23. dxc5 Qxc5 24. Rc2 Nc3 25. Qd3 Rc8 26. Bd2 Ne2+ 27. Qxe2 Qxc2 28. Rc1 Qxc1+ 29. Bxc1 Rxc1+ 30. Kf2 Rd6 31. h4 g6 32. Qb5 Rc2+ 33. Kg3 Rc5 34. Qe8+ Kg7 35. Qe7 Rd2 36. Qxa7 Rcc2 37. e4 Rxg2+ 38. Kf4 Rc6 39. Qd7 Rf6+ 40. Ke3 Rg3 41. h5 Rfxf3+ 42. Ke2 gxh5 43. Qd4+ Rf6 44. Qe5 h4 45. Qh5 Rf4 46. Qe5+ Rf6 47. Qh5 Rgg6 48. Qxh4 Re6 49. Kd3 Re5 50. Kd4 Rge6 51. Qg3+ Kf8 52. Kd3 Rxe4 53. Qb8+ Kg7 54. Qg3+ Rg6 55. Qc7 Ree6 56. Qc3+ Ref6 57. Ke4 h5 58. Qb2 h4 59. Qc3 Rg4+ 60. Ke5 Rg5+ 61. Ke4 Kg6 62. Qc8 Kh7 63. Qd8 Rgg6 64. Qd3 Kg7 65. Qc3 Rh6 66. Qh3 Rfg6 67. Qc3+ Kh7 68. Qf3 Re6+ 69. Kd5 Ref6 70. Qd3+ Kh8 71. Qh3 Rfg6 72. Qc3+ Kh7 73. Qf3 Kg8 74. Qh3 Rg3 75. Qc8+ Kg7 76. Qe8 Rg5+ 77. Kd4 h3 78. Qe3 Rg4+ 79. Kd3 Rgg6 80. Qe5+ Kh7 81. Qf5 Kg8 82. Qc8+ Kg7 83. Qc3+ Rf6 84. Qe5 h2 85. Qg3+ Kh7 86. Kd4 0-1

[Event "Grandmaster Triathlon (GM1)"]
[Site "Biel, CH"]
[Date "2025.07.20"]
[Round "13"]
[White "Fedoseev, Vladimir"]
[Black "Wojtaszek, Radoslaw"]
[Result "1/2-1/2"]
[Board "3"]
[TimeControl "180+2"]
[WhiteFideId "24130737"]
[BlackFideId "1118358"]
[WhiteTitle "GM"]
[BlackTitle "GM"]
[WhiteElo "2746"]
[BlackElo "2610"]
[WhiteTeam "SLO"]
[BlackTeam "POL"]
[WhiteClock "0:00:10"]
[BlackClock "0:00:18"]
[Variant "Standard"]

1. d4 Nf6 2. Nf3 d5 3. c3 c6 4. Qc2 g6 5. Bf4 Bf5 6. Qb3 Qb6 7. Nbd2 Nbd7 8. h3 h5 9. e3 a5 10. Nh4 a4 11. Qxb6 Nxb6 12. Nxf5 gxf5 13. Rb1 e6 14. b4 Ne4 15. Nxe4 fxe4 16. Bc7 Nc8 17. c4 dxc4 18. Be5 Rg8 19. b5 Bd6 20. bxc6 bxc6 21. Rb7 Bxe5 22. dxe5 c3 23. Rb4 Ne7 24. Rxe4 Rb8 25. Bd3 Rxg2 26. Kf1 Rg8 27. Rxa4 Nd5 28. Ke2 Rg5 29. Rc1 Rxe5 30. Kf3 Ke7 31. e4 Nb4 32. Rxc3 Nxd3 33. Rxd3 f5 34. Rc3 fxe4+ 35. Ke3 Rf8 36. Rxc6 Rf3+ 37. Kd4 Rd5+ 38. Kxe4 Rxf2 39. Raa6 Re2+ 40. Kf3 Rde5 41. Rc3 Kf6 42. Ra4 Rb2 43. Kg3 Rf5 44. Kh4 Rbf2 45. a3 Rd2 46. Re4 Ra2 47. Rc6 Rxa3 48. Rcxe6+ Kf7 49. Re7+ Kf8 50. Rb7 Raa5 51. Reb4 Rae5 52. Ra7 Rf6 53. Rb8+ Re8 54. Rbb7 Rf5 55. Rb4 Rd8 56. Rh7 Kg8 57. Rc7 Re8 58. Kg3 Ref8 59. Rb3 R8f7 60. Rc4 Rg7+ 61. Kh4 Rgf7 62. Rbb4 Kh7 63. Rd4 R7f6 64. Rd7+ Rf7 65. Rxf7+ Rxf7 66. Kxh5 1/2-1/2

[Event "Grandmaster Triathlon (GM1)"]
[Site "Biel, CH"]
[Date "2025.07.20"]
[Round "14"]
[White "Wojtaszek, Radoslaw"]
[Black "Aravindh, Chithambaram VR."]
[Result "0-1"]
[Board "1"]
[TimeControl "180+2"]
[WhiteFideId "1118358"]
[BlackFideId "5072786"]
[WhiteTitle "GM"]
[BlackTitle "GM"]
[WhiteElo "2610"]
[BlackElo "2611"]
[WhiteTeam "POL"]
[BlackTeam "IND"]
[WhiteClock "0:00:17"]
[BlackClock "0:00:22"]
[Variant "Standard"]

1. Nf3 d5 2. g3 g6 3. Bg2 Bg7 4. d4 Nf6 5. O-O O-O 6. c3 a5 7. a4 c6 8. Bf4 Bf5 9. Qc1 Nbd7 10. Bh6 Re8 11. Bxg7 Kxg7 12. Nbd2 e5 13. dxe5 Nxe5 14. Nd4 Bd7 15. c4 c5 16. Nb5 d4 17. Bxb7 Rb8 18. Bg2 Bf5 19. Ra3 Qd7 20. Nf3 Be4 21. Rd1 Nxf3+ 22. Bxf3 Bxf3 23. Rxf3 Rxe2 24. Qg5 Qe7 25. Kg2 Rb6 26. Qf4 Re4 27. Qd2 Rbe6 28. Qxa5 Re2 29. Nc7 R6e5 30. Qb6 Ng4 31. Nd5 Rxd5 32. cxd5 Qe4 33. Rdd3 Rxf2+ 0-1

[Event "Grandmaster Triathlon (GM1)"]
[Site "Biel, CH"]
[Date "2025.07.20"]
[Round "14"]
[White "Svane, Frederik"]
[Black "Murzin, Volodar"]
[Result "0-1"]
[Board "2"]
[TimeControl "180+2"]
[WhiteFideId "12923044"]
[BlackFideId "44155573"]
[WhiteTitle "GM"]
[BlackTitle "GM"]
[WhiteElo "2553"]
[BlackElo "2669"]
[WhiteTeam "GER"]
[BlackTeam "FID"]
[WhiteClock "0:00:03"]
[BlackClock "0:00:14"]
[Variant "Standard"]

1. e4 c6 2. d4 d5 3. exd5 cxd5 4. Nf3 Nc6 5. Be3 Bf5 6. Nbd2 e6 7. Bb5 Bd6 8. O-O Nge7 9. c4 a6 10. Ba4 O-O 11. c5 Bc7 12. Re1 h6 13. Nh4 Be4 14. g3 Bh7 15. Bc2 Bxc2 16. Qxc2 g5 17. Ng2 Nf5 18. Qd3 Qf6 19. Nb3 Qg6 20. Rad1 Nfe7 21. Bc1 Qxd3 22. Rxd3 a5 23. h4 a4 24. Na1 Nf5 25. Nc2 g4 26. Nge3 Nxe3 27. Bxe3 h5 28. Bh6 Rfe8 29. Bg5 Kg7 30. Kg2 f6 31. Bd2 Rad8 32. Ne3 Kg6 33. b4 axb3 34. axb3 Na7 35. Nd1 Nc6 36. Ne3 Ra8 37. b4 b5 38. Nd1 Kf7 39. Be3 Ra4 40. Rb3 Rxb4 41. Rxb4 Nxb4 42. Nc3 Rb8 43. Rb1 Ba5 44. Bf4 Rb7 45. Kf1 Kg6 46. Ke2 Nc6 47. Kd3 Bxc3 48. Kxc3 b4+ 49. Kd3 Ra7 50. Rb3 Ra3 51. Rxa3 bxa3 52. Bd2 a2 53. Bc3 Kf5 54. Kc2 e5 55. dxe5 fxe5 56. Kb2 d4 57. Bd2 Ke4 58. Kxa2 Kd3 59. Bg5 Kc2 60. Ka3 d3 61. Ka4 d2 62. Bxd2 Kxd2 63. Kb5 Nb8 64. Kc4 Ke2 65. Kd5 Kxf2 66. Kxe5 Kxg3 0-1

[Event "Grandmaster Triathlon (GM1)"]
[Site "Biel, CH"]
[Date "2025.07.20"]
[Round "14"]
[White "Salem, A.R. Saleh"]
[Black "Fedoseev, Vladimir"]
[Result "0-1"]
[Board "3"]
[TimeControl "180+2"]
[WhiteFideId "9301348"]
[BlackFideId "24130737"]
[WhiteTitle "GM"]
[BlackTitle "GM"]
[WhiteElo "2644"]
[BlackElo "2746"]
[WhiteTeam "UAE"]
[BlackTeam "SLO"]
[WhiteClock "0:00:06"]
[BlackClock "0:00:22"]
[Variant "Standard"]

1. d4 d5 2. c4 dxc4 3. Nf3 Nf6 4. e3 e6 5. Bxc4 a6 6. O-O Nbd7 7. a4 b6 8. Nc3 Bb7 9. Qe2 Bb4 10. Rd1 O-O 11. Bd2 Qe7 12. Rac1 Rfd8 13. h3 c5 14. Be1 cxd4 15. exd4 Nf8 16. Bd2 Ng6 17. Bg5 h6 18. Be3 Bxc3 19. bxc3 Nd5 20. Bxd5 Rxd5 21. c4 Rf5 22. Ne1 Bc6 23. Ra1 Rd8 24. f3 b5 25. axb5 axb5 26. c5 e5 27. Nc2 exd4 28. Nxd4 Rfd5 29. Qf2 Ne5 30. Rdb1 Qd7 31. Nxc6 Qxc6 32. Qe2 Nc4 33. Bf2 Re5 34. Qa2 Nd2 35. Re1 Rg5 36. Kh1 Nxf3 37. Red1 Nd2 38. Rg1 Ne4 39. Be3 Ng3+ 40. Kh2 Qc7 0-1

[Event "Grandmaster Triathlon (GM1)"]
[Site "Biel, CH"]
[Date "2025.07.20"]
[Round "15"]
[White "Aravindh, Chithambaram VR."]
[Black "Salem, A.R. Saleh"]
[Result "0-1"]
[Board "1"]
[TimeControl "180+2"]
[WhiteFideId "5072786"]
[BlackFideId "9301348"]
[WhiteTitle "GM"]
[BlackTitle "GM"]
[WhiteElo "2611"]
[BlackElo "2644"]
[WhiteTeam "IND"]
[BlackTeam "UAE"]
[WhiteClock "0:00:03"]
[BlackClock "0:00:07"]
[Variant "Standard"]

1. d4 Nf6 2. Nf3 g6 3. c3 Bg7 4. Bf4 O-O 5. h3 d6 6. e3 Nc6 7. Be2 Nd7 8. Bh2 e5 9. O-O f5 10. b4 Qe7 11. b5 Nd8 12. a4 Nf7 13. c4 g5 14. Nc3 Nf6 15. c5 e4 16. cxd6 cxd6 17. Nd2 d5 18. Qb3 Be6 19. Qa3 Qxa3 20. Rxa3 Rfc8 21. Rc1 Bf8 22. Rb3 b6 23. Kf1 h5 24. Ke1 h4 25. Kd1 Bd6 26. Bxd6 Nxd6 27. Na2 f4 28. Rxc8+ Rxc8 29. Bf1 Nf5 30. Nb4 Bd7 31. Nb1 fxe3 32. fxe3 Ng3 33. Be2 g4 34. hxg4 Nxe2 35. Kxe2 Bxg4+ 36. Kf2 Bd1 37. Rc3 Rf8 38. Rc7 Ng4+ 39. Ke1 Nxe3 40. Kd2 Nxg2 41. Nxd5 Rf1 42. Nbc3 h3 43. Nxe4 h2 44. Ndf6+ Kf8 45. Ng5 Rf2+ 46. Kd3 Bc2+ 47. Rxc2 Rxc2 48. Kxc2 h1=Q 49. d5 Ne3+ 50. Kd3 Nxd5 51. Nfe4 Qd1+ 52. Kc4 Ne3+ 53. Kc3 Qxa4 54. Kd3 Nf5 55. Nc3 Qd4+ 0-1

[Event "Grandmaster Triathlon (GM1)"]
[Site "Biel, CH"]
[Date "2025.07.20"]
[Round "15"]
[White "Fedoseev, Vladimir"]
[Black "Svane, Frederik"]
[Result "1-0"]
[Board "2"]
[TimeControl "180+2"]
[WhiteFideId "24130737"]
[BlackFideId "12923044"]
[WhiteTitle "GM"]
[BlackTitle "GM"]
[WhiteElo "2746"]
[BlackElo "2553"]
[WhiteTeam "SLO"]
[BlackTeam "GER"]
[WhiteClock "0:00:13"]
[BlackClock "0:00:00"]
[Variant "Standard"]

1. d4 Nf6 2. c4 e6 3. Nf3 d5 4. Nc3 Bb4 5. Qa4+ Nc6 6. e3 O-O 7. Qc2 Na5 8. cxd5 exd5 9. Bd3 c5 10. dxc5 Nc6 11. O-O Bxc5 12. Rd1 Qe7 13. Nxd5 Nxd5 14. Bxh7+ Kh8 15. Rxd5 Nb4 16. Qxc5 Nxd5 17. Qxd5 Kxh7 18. Bd2 Bg4 19. Nd4 Rfd8 20. Qb5 a6 21. Qd3+ Kg8 22. h3 Be6 23. Qe4 Qf6 24. Bc3 Qh6 25. Qxb7 Bd5 26. Qc7 Qg6 27. f3 Rac8 28. Qf4 Be6 29. Kh2 Qh6 30. Qxh6 gxh6 31. a3 Rc4 32. Rd1 f5 33. Kg3 Kf7 34. Kf4 Rd5 35. Rh1 h5 36. Kg5 Bd7 37. f4 Rc8 38. Kh4 Rg8 39. Rg1 Rd6 40. Nf3 Ke8 41. Bd4 Bc6 42. Ng5 Kd7 43. Kxh5 Bd5 44. Kh4 Rc6 45. g4 fxg4 1-0

[Event "Grandmaster Triathlon (GM1)"]
[Site "Biel, CH"]
[Date "2025.07.20"]
[Round "15"]
[White "Murzin, Volodar"]
[Black "Wojtaszek, Radoslaw"]
[Result "1/2-1/2"]
[Board "3"]
[TimeControl "180+2"]
[WhiteFideId "44155573"]
[BlackFideId "1118358"]
[WhiteTitle "GM"]
[BlackTitle "GM"]
[WhiteElo "2669"]
[BlackElo "2610"]
[WhiteTeam "FID"]
[BlackTeam "POL"]
[WhiteClock "0:00:09"]
[BlackClock "0:00:16"]
[Variant "Standard"]

1. Nf3 c5 2. g3 b6 3. Bg2 Bb7 4. O-O Nf6 5. d3 g6 6. e4 d6 7. Nc3 Bg7 8. Nd2 Nc6 9. Nc4 O-O 10. Bf4 Rc8 11. a4 a6 12. Re1 Nd7 13. Bg5 h6 14. Bd2 Nd4 15. Ne3 b5 16. axb5 axb5 17. h4 h5 18. Ne2 Nxe2+ 19. Qxe2 b4 20. Ra2 Ra8 21. Rea1 Bxb2 22. Rxa8 Bxa8 23. Ra7 Bg7 24. Nd5 Bxd5 25. exd5 Ne5 26. Bh3 Re8 27. Bg5 Qb6 28. Rxe7 Rxe7 29. Bxe7 Qb7 30. Bxd6 Qxd5 31. Bxe5 Bxe5 32. Bf1 Kg7 33. Kh2 Bd4 34. Bg2 Qd6 35. Bf3 Bf6 36. Kg2 Bd4 37. Be4 Qf6 38. Bd5 Qe5 39. Qf3 Qf6 40. Qxf6+ 1/2-1/2